[Event "XII Cracow ICC-A 2024"]
[Site "Krakow"]
[Date "2024.06.28"]
[Round "8.1"]
[White "Kosakowski, Jakub"]
[Black "Gumularz, Szymon"]
[Result "1/2-1/2"]
[ECO "C47"]
[WhiteElo "2480"]
[BlackElo "2593"]
[Annotator "TA"]
[PlyCount "70"]
[EventDate "2024.06.20"]
[EventType "swiss"]
[EventCountry "POL"]
[SourceTitle "playchess.com"]
[Source "ChessBase"]
[SourceQuality "1"]
[TimeControl "40/5400+30:1800+30"]

1. e4 e5 2. Nf3 Nc6 3. Nc3 Nf6 4. h3 d5 5. exd5 Nxd5 6. Bb5 Nxc3 7. bxc3 Bd6 8. d4 exd4 9. O-O O-O 10. cxd4 a6 11. Bxc6 bxc6 12. c4 c5 13. Bg5 f6 14. Be3 cxd4 15. Nxd4 Qe8 16. Re1 Qf7 17. Qc2 (17. Rc1 {simplifies} Ba3 18. Rb1 Qxc4 19. Qf3) 17... Qg6 18. c5 {[%emt 0:06:28] [#] Qxg6 is the strong threat.} Be5 {[%emt 0:01:02] White must now prevent ...Qxc2.} 19. Rad1 Qxc2 20. Nxc2 Be6 21. a3 (21. Bd4 $11 {feels stronger.}) 21... Bb3 $15 {[%emt 0:01:26] This pair of bishops is nice.} 22. Rc1 {[%emt 0:00:48] [#]} Rfd8 $1 23. Re2 a5 24. Ne1 $1 a4 25. f4 Bd4 {[%emt 0:00:08][%cal Ob3d1] Hoping for ...Bd1!} 26. Nf3 Bxe3+ 27. Rxe3 Kf8 28. Kf2 Rd5 29. Re4 $1 {[%emt 0:00:48] The position is equal.} Rd3 30. Rd4 Rd8 31. Rxd3 Rxd3 32. Ke2 Rd8 33. Ke3 Re8+ 34. Kf2 Kf7 35. Nd4 Rd8 {[%emt 0:15:59] Weighted Error Value: White=0.07 (flawless) /Black=0.04 (flawless) .  Mistake:       	White=1     	---        Inaccurate:     	White=1     	Black=1      OK:         	White=15    	Black=17     Best:        	White=2     	Black=2      Strong:       	White=2     	Black=1} 1/2-1/2

[Event "XII Cracow ICC-A 2024"]
[Site "Krakow"]
[Date "2024.06.28"]
[Round "8.2"]
[White "Rozentalis, Eduardas"]
[Black "Drozdowski, Kacper"]
[Result "1-0"]
[ECO "B10"]
[WhiteElo "2476"]
[BlackElo "2448"]
[Annotator "TA"]
[PlyCount "131"]
[EventDate "2024.06.20"]
[EventType "swiss"]
[EventCountry "POL"]
[SourceTitle "playchess.com"]
[Source "ChessBase"]
[SourceQuality "1"]
[TimeControl "40/5400+30:1800+30"]

1. e4 c6 2. Nf3 d5 3. d3 Qc7 4. g3 e5 5. Bg2 Nf6 6. O-O {[%emt 0:01:44] B10: Caro-Kann: 2 d3 and 2 c4.} dxe4 7. dxe4 h6 8. Nbd2 Be6 9. b3 Nbd7 10. Bb2 Bc5 11. Qe2 b5 12. Ne1 Bd6 13. Nd3 c5 14. c4 bxc4 15. Nxc4 Bxc4 16. bxc4 O-O 17. f4 Rfe8 18. Rae1 Rab8 $146 ({Predecessor:} 18... Nh7 19. Bc3 Nhf8 20. f5 Nh7 21. Nf2 Nb8 22. Ng4 Nc6 23. f6 h5 24. Ne3 g6 {1-0 Hou,Y (2632)-Kosteniuk,A (2526) Speed Chess (Women) blitz 2023 (2.9)}) 19. Bc3 Re7 20. f5 Qc6 21. Qc2 Qa6 22. Bd2 Nb6 23. Rc1 Qa4 24. Bf3 Reb7 25. Be3 Qxc2 26. Rxc2 Nfd7 27. h4 Nc8 28. Rd1 Rb1 29. Rcd2 (29. Kg2 $14) 29... Rxd1+ $11 30. Rxd1 Rb6 31. Rd2 Kf8 32. Kf2 Ke8 33. Bd1 Ne7 (33... Ra6 $14) 34. Nb2 $1 $16 Bc7 35. Na4 Rd6 36. Rxd6 (36. Nxc5 $2 Rxd2+ 37. Bxd2 Nxc5 $19) 36... Bxd6 37. Nc3 f6 38. Ba4 Kd8 39. Kf3 a6 (39... Nb6 $16) 40. Bxd7 $1 $18 Kxd7 41. Na4 Nc6 42. Bxc5 (42. Nxc5+ Bxc5 43. Bxc5 Ke8) 42... Na5 (42... Nd4+ {was worth a try.} 43. Kg4 Ne2) 43. Bxd6 $1 $18 Kxd6 44. c5+ Kc6 (44... Ke7 $142 45. Kg4 Kf7) 45. Kg4 $1 $18 Nc4 46. Kh5 Nd2 47. Kg6 Nxe4 48. Kxg7 h5 49. Kg6 Kb5 50. c6 (50. Nb2 $142) 50... Kxc6 $18 51. Kxh5 Kb5 52. Nb2 Nf2 53. Kg6 e4 54. h5 $1 (54. Kxf6 $2 e3 55. Kg6 e2 $19) 54... e3 55. h6 $1 (55. Kxf6 $2 e2 56. Kf7 e1=Q $19 (56... e1=R 57. h6 $17)) 55... e2 56. h7 $1 (56. Kxf6 $2 e1=Q (56... e1=R 57. h7 $16) 57. Kf7 Ne4 $19 (57... Qh1 $2 58. Ke7 $19)) 56... e1=Q 57. h8=Q (57. h8=R $2 Ne4 58. Rb8+ Kc6 $19) 57... Qe5 58. Qxf6 (58. Qd8 $18 {is more deadly.} Qxg3+ 59. Kf7 (59. Kxf6 $2 Qh4+ 60. Ke5 Qxd8 $19)) 58... Qxg3+ $16 59. Qg5 (59. Kf7 $16) 59... Qxg5+ $1 $11 60. Kxg5 Ne4+ {[%emt 0:00:02] [#]} (60... Kc5 $1 $14) 61. Kf4 $1 $16 ({Don't play} 61. Kg6 $6 Kb4 $11) 61... Nf6 {[%emt 0:02:55] [#]} 62. Ke5 $1 Ne8 $2 (62... Nh7 $16 63. Ke6 Kc5) 63. Nd3 ({Not} 63. f6 Nxf6 64. Kxf6 Kb4 $11) (63. Nd1 $142 Kc6 64. f6 Nxf6 65. Kxf6) 63... a5 $18 64. Nf4 Kb4 65. Ne6 Ka3 66. Ng7 ({And not} 66. f6 Nxf6 67. Kxf6 Kxa2 $11) 1-0

[Event "XII Cracow ICC-A 2024"]
[Site "Krakow"]
[Date "2024.06.28"]
[Round "8.3"]
[White "Vetoshko, Volodymyr"]
[Black "Samunenkov, Ihor"]
[Result "1/2-1/2"]
[ECO "A37"]
[WhiteElo "2505"]
[BlackElo "2532"]
[Annotator "TA"]
[PlyCount "34"]
[EventDate "2024.06.20"]
[EventType "swiss"]
[EventCountry "POL"]
[SourceTitle "playchess.com"]
[Source "ChessBase"]
[SourceQuality "1"]
[TimeControl "40/5400+30:1800+30"]

1. c4 c5 2. Nf3 Nc6 3. g3 g6 4. Bg2 Bg7 5. Nc3 d6 6. O-O Rb8 7. e3 Nf6 8. d4 O-O {[%emt 0:00:11] The position is equal.} 9. b3 Be6 10. Bb2 {[%emt 0:09:24] [#] Strongly threatening d5.} cxd4 11. Nxd4 Nxd4 12. Qxd4 (12. exd4 {simplifies} d5 13. c5 Qd7 14. Re1) 12... Nd5 13. Qd2 Nxc3 14. Bxc3 Bxc3 15. Qxc3 b5 16. cxb5 Rxb5 17. Rfc1 a5 {[%emt 0:07:42] An uneventful encounter.   Weighted Error Value: White=0.02 (flawless) /Black=0.01 (flawless) .  OK:         	---       	Black=3} 1/2-1/2

[Event "XII Cracow ICC-A 2024"]
[Site "Krakow"]
[Date "2024.06.28"]
[Round "8.4"]
[White "Kelires, Andreas"]
[Black "Nurgaliyev, Sauat"]
[Result "1-0"]
[ECO "E60"]
[WhiteElo "2515"]
[BlackElo "2321"]
[Annotator "TA"]
[PlyCount "117"]
[EventDate "2024.06.20"]
[EventType "swiss"]
[EventCountry "POL"]
[SourceTitle "playchess.com"]
[Source "ChessBase"]
[SourceQuality "1"]
[TimeControl "40/5400+30:1800+30"]

1. d4 Nf6 2. c4 g6 3. h4 Bg7 4. Nc3 d5 5. h5 O-O 6. hxg6 {[%emt 0:01:21] E60: King's Indian: Unusual lines and Fianchetto Variation without Nc3.} hxg6 7. Nf3 c5 8. Bh6 dxc4 {[%emt 0:14:03] [#]} 9. Qd2 $1 ({But not} 9. dxc5 Nc6 $11) 9... Ng4 10. Bxg7 Kxg7 11. d5 $146 ({Reject} 11. dxc5 Qxd2+ 12. Nxd2 Na6 $11) ({Predecessor:} 11. e4 cxd4 12. Nxd4 e5 13. Nf3 Qxd2+ 14. Nxd2 Rd8 15. Bxc4 Nxf2 16. Rf1 Nd3+ 17. Bxd3 Rxd3 {0-1 Vidonyak,R (2442)-Postnikov,D (2360) Titled Tuesday intern op 16th Aug Early blitz 2022 (2)}) 11... Nd7 12. e4 e5 ({Black should try} 12... Rh8 $14 13. Rxh8 Qxh8) 13. Bxc4 (13. dxe6 {is more complex.} Nde5 14. Qxd8 Rxd8 15. e7) 13... a6 (13... Rh8 $16 14. O-O-O Nb6) 14. Be2 (14. d6 $18 {Hoping for 0-0-0.} b5 15. Bd5) 14... Rh8 $16 {[%emt 0:10:06] [#]} 15. Rxh8 ({Better is} 15. O-O-O $1 $16) 15... Qxh8 $14 16. Qg5 Qh1+ 17. Bf1 Nh2 18. Nd2 Nxf1 19. Nxf1 f6 20. Qg3 Qh6 21. Ne3 Qh1+ 22. Nf1 Qh6 23. a4 Rb8 24. Qh2 Qxh2 25. Nxh2 c4 26. Nf1 Nc5 27. Ne3 $1 Nb3 28. Ra3 Na5 29. Nb1 $1 Bd7 30. Nd2 Rc8 31. f3 (31. g3 $16) 31... Kf7 $14 32. Rc3 b5 33. axb5 axb5 34. Ra3 Nb7 $1 35. b4 cxb3 36. Ra7 Rc1+ 37. Ke2 Nc5 38. Nxb3 $1 Nxb3 39. Rxd7+ Ke8 $1 40. Rb7 Nd4+ $1 41. Kf2 Rc8 $2 (41... f5 $11) 42. Ng4 $18 Rc2+ 43. Ke3 Rxg2 $2 (43... Kd8 44. Nxf6 Kc8) 44. Nxf6+ $18 Kd8 45. d6 Nc2+ 46. Kd3 Ne1+ 47. Kc3 Rc2+ 48. Kb4 Nd3+ 49. Ka5 Rc6 50. Rd7+ ({And not} 50. Rxb5 Rxd6 51. Rb8+ Kc7 $11) 50... Kc8 51. Kxb5 Rc5+ 52. Kb6 Rc1 53. Rc7+ Kd8 54. Rh7 Rb1+ 55. Kc6 Nb4+ 56. Kc5 Na6+ 57. Kc4 Rb4+ 58. Kc3 Kc8 59. d7+ 1-0

[Event "XII Cracow ICC-A 2024"]
[Site "Krakow"]
[Date "2024.06.28"]
[Round "8.5"]
[White "Mahitosh Dey"]
[Black "Moussard, Jules"]
[Result "0-1"]
[ECO "B92"]
[WhiteElo "2232"]
[BlackElo "2610"]
[Annotator "TA"]
[PlyCount "104"]
[EventDate "2024.06.20"]
[EventType "swiss"]
[EventCountry "POL"]
[SourceTitle "playchess.com"]
[Source "ChessBase"]
[SourceQuality "1"]
[TimeControl "40/5400+30:1800+30"]

1. e4 c5 2. Nf3 d6 3. d4 cxd4 4. Nxd4 Nf6 5. Nc3 a6 6. Be2 e5 7. Nb3 Be7 8. Be3 Be6 9. Qd3 O-O 10. Nd5 Nxd5 11. exd5 {[%emt 0:00:06] The position is equal.} Bc8 12. g4 (12. Rd1 $11) 12... f5 $17 13. gxf5 Bxf5 14. Qd2 a5 15. Bd3 a4 16. Bxf5 Rxf5 17. Nc1 Bg5 18. Ne2 $1 Nd7 19. Ng3 Bxe3 20. fxe3 Rf3 21. O-O-O Qb6 (21... a3 $15 22. b3 Qh4) 22. Rhf1 $11 Raf8 (22... Rxe3 $2 23. Nf5 $18) (22... Qxe3 23. Qxe3 Rxe3 24. Kd2 Rxg3 25. hxg3 $14) 23. Rxf3 Rxf3 24. Rf1 Rxf1+ (24... Qxe3 25. Qxe3 Rxe3 26. Kd2 (26. Nf5 Re2 $11) 26... Rxg3 (26... Nf6 $2 27. Kxe3 Nxd5+ 28. Kd2 $18) 27. hxg3 $18) (24... Rxe3 $2 25. Nf5 $18) 25. Nxf1 $15 {[%emt 0:00:04][%mdl 4096] Endgame. KQN-KQN} Nf6 26. c4 Qc5 27. b3 axb3 28. axb3 Qa3+ 29. Qb2 Qb4 30. Kd1 {[%emt 0:03:41] Against Qe1+} g6 31. Ke2 b5 $36 {[%emt 0:04:05][%mdl 2048] Black has good play.} 32. Qc2 Qc5 {[%emt 0:00:03] Black wants to play ...Nxd5.} 33. Qa2 bxc4 34. bxc4 Qc8 35. Ke1 (35. Nd2 $11 {remains equal.}) 35... Ne4 $17 36. Nd2 Nc5 {[%emt 0:00:34] Black is more active.} 37. Nf1 Qd8 38. Qa7 $2 (38. Qe2 $17) 38... Qf6 39. Ng3 {[%emt 0:00:57] [#]} h5 (39... e4 $1 $19 {is more deadly. ( -> ...Nd3+)} 40. Qb6 Kg7) 40. Qc7 $2 (40. Qb8+ $17 {was necessary.} Kh7 41. Nh1) 40... h4 $19 41. Ne2 Ne4 {[%emt 0:33:02] Prevents Nc3. White must now prevent ...Qf2+.} 42. Qc8+ Kg7 43. Qd7+ Kh6 44. Qg4 Qf2+ 45. Kd1 Ng5 (45... Qxe3 46. Qxh4+ Kg7 47. Qe7+ Kh8 48. Qf8+ Kh7 49. Qe7+ Kh6 50. Qh4+ Kg7 51. Qe7+ Kg8 52. Qd8+ Kf7 53. Qc7+ Ke8 54. Qc8+ Ke7 55. Qc7+ Kf6 56. Qd8+ Kf5 57. Qc8+ Kg5 58. Qd8+ Nf6 59. h4+ Kf5 (59... Kxh4 $2 60. Qxf6+ Kh5 61. Qxd6 $18) 60. Qc8+ Ke4 61. Qe6 $11) (45... Nf6 $142 46. Qg1 Qf3) 46. Ng1 {[%emt 0:03:45][%cal Og4g5] Threatens to win with Qxg5+!} Qxe3 {[%emt 0:11:43] Hoping for ...Kg7.} (46... Qxh2 $2 {is the wrong capture.} 47. Qxg5+ Kxg5 48. Nf3+ Kf5 49. Nxh2 $18) 47. Qxh4+ Kg7 48. Qg4 e4 49. Ne2 Qd3+ 50. Ke1 Nf3+ 51. Kf2 Ne5 {[%emt 0:00:07] Repels Qd7+} ({Inferior is} 51... Nxh2 52. Qg2 Qf3+ (52... Nf3 53. Qxg6+ Kxg6 54. Nf4+ Kf5 55. Nxd3 $11) 53. Qxf3 Nxf3 (53... exf3 54. Nc3 $11) 54. Nc3 $11) (51... Qxc4 52. Qd7+ Kh6 53. Qxd6 $11) 52. Qg5 {[%emt 0:06:39] [#]} (52. Qg2 $19) 52... e3+ {[%emt 0:00:54] Weighted Error Value: White=0.38/Black=0.17 (very precise) .  Loses game:     	White=2     	---        Mistake:       	White=3     	Black=3      Inaccurate:     	White=7     	Black=4      OK:         	White=13    	Black=20     Best:        	White=7     	Black=5      Strong:       	White=1     	---} (52... Qxc4 53. Qe7+ Nf7 54. Ng3 $17) 0-1

[Event "XII Cracow ICC-A 2024"]
[Site "Krakow"]
[Date "2024.06.28"]
[Round "8.6"]
[White "Fier, Alexandr"]
[Black "Gierulski, Kamil"]
[Result "1-0"]
[ECO "D42"]
[WhiteElo "2602"]
[BlackElo "2242"]
[Annotator "TA"]
[PlyCount "67"]
[EventDate "2024.06.20"]
[EventType "swiss"]
[EventCountry "POL"]
[SourceTitle "playchess.com"]
[Source "ChessBase"]
[SourceQuality "1"]
[TimeControl "40/5400+30:1800+30"]

1. c4 c5 2. Nf3 Nf6 3. Nc3 Nc6 4. e3 e6 5. d4 d5 6. cxd5 Nxd5 7. Bd3 Be7 8. O-O O-O 9. a3 Nf6 10. dxc5 Bxc5 11. b4 Bd6 12. Bb2 Qe7 13. Ne4 {[%emt 0:00:34] White is slightly better.} Nxe4 14. Bxe4 f5 15. Bxc6 bxc6 16. Be5 Bxe5 17. Nxe5 c5 18. b5 Bb7 19. Qc2 Rab8 20. Rac1 Rfc8 21. a4 a6 22. b6 {[%emt 0:01:38] And now Qc3 would win.} c4 23. Qc3 (23. Nxc4 $2 Bd5 24. Qd3 Qc5 $19) 23... a5 24. Rfd1 $36 {[%emt 0:02:19][%mdl 2048] Keeping Black busy. White is much more active.} Bd5 25. Qxa5 {[%emt 0:00:46] [#] Hoping for Rxd5.} Qb7 {[%emt 0:01:00][%mdl 8192] Black cannot hold the game after this.} (25... Qa3 $16) 26. Qc3 (26. e4 fxe4 27. Qb5 e3 $16 (27... Qxb6 $2 28. Rxd5 c3 29. Qxb6 $18)) (26. Qb5 $142) 26... Rd8 $2 (26... Qxb6 {might work better.} 27. Nd7 Qb3 28. Nxb8 Qxb8) 27. a5 $18 (27. Nxc4 Bxc4 28. Qxc4 Qxb6 $18) 27... Bxg2 (27... Qa6 $142 28. Qb4 (28. Nxc4 Qxc4 29. Qxc4 Bxc4 $14) 28... h6) 28. a6 (28. Nxc4 Bh1 29. f3 Rxd1+ 30. Rxd1 Qxf3 $18) 28... Qe4 (28... Qxa6 $142 29. Rxd8+ (29. Kxg2 Qb7+ 30. Kg3 Rxd1 $18) (29. Qxc4 Rxd1+ 30. Rxd1 Qxc4 $11) (29. Nxc4 Bd5 $15) 29... Rxd8 30. Kxg2 Qxb6 31. Qxc4 Qb7+ 32. Kh3 Re8) 29. Rxd8+ (29. Nxc4 $2 {too greedy.} Rxd1+ 30. Rxd1 Bh3 $19) 29... Rxd8 30. Qxc4 ({Weaker is} 30. Nxc4 Bh3 31. f3 Qxf3 $11) 30... Qxe5 31. Kxg2 f4 32. Qxf4 {[%emt 0:00:50] White mates.} Qb2 33. Rc7 Rf8 {[%emt 0:03:02] [#]} 34. Qxf8+ $3 {[%emt 0:00:29][%mdl 512] Weighted Error Value: White=0.49/Black=0.76.  Loses game:     	---       	Black=1      Mistake:       	White=1     	Black=4      Inaccurate:     	White=3     	---        OK:         	White=6     	Black=8      Best:        	---       	Black=1} 1-0

[Event "XII Cracow ICC-A 2024"]
[Site "Krakow"]
[Date "2024.06.28"]
[Round "8.7"]
[White "Gorkiewicz, Mateusz"]
[Black "Mirzoev, Azer"]
[Result "1/2-1/2"]
[ECO "B12"]
[WhiteElo "2223"]
[BlackElo "2448"]
[Annotator "TA"]
[PlyCount "114"]
[EventDate "2024.06.20"]
[EventType "swiss"]
[EventCountry "POL"]
[SourceTitle "playchess.com"]
[Source "ChessBase"]
[SourceQuality "1"]
[TimeControl "40/5400+30:1800+30"]

1. e4 c6 2. d4 d5 3. e5 Bf5 4. Nf3 e6 5. a3 Nd7 6. Nbd2 h6 {[%emt 0:01:17] B12: Caro-Kann: Advance Variation.} 7. Be2 Ne7 8. O-O Bh7 9. b3 Ng6 10. Re1 Be7 11. Bb2 O-O 12. Bf1 $146 ({Predecessor:} 12. c4 Nf4 13. c5 b6 14. b4 f6 15. g3 Nxe2+ 16. Qxe2 fxe5 17. Nxe5 Nxe5 18. Qxe5 {0-1 Hofmann,T (2223)-Zelcic,R (2501) Schwarzach op 30th 2015 (4)}) 12... a5 13. g3 c5 14. c4 Nb6 15. cxd5 Nxd5 16. Ne4 (16. Rc1 $16) 16... cxd4 $14 17. Qxd4 Qb8 18. Rac1 Rd8 19. Qa4 Nf8 20. Nc3 ({White should try} 20. Qc4 $11) 20... Nb4 21. axb4 axb4 22. Qb5 bxc3 23. Bxc3 Rd5 24. Qc4 Nd7 25. Bd4 Nc5 26. b4 Na6 27. b5 Nc5 28. Ra1 g5 29. h3 Bg6 30. Qc3 Rxa1 31. Rxa1 Qf8 32. Qe3 Rd8 (32... b6 $11) 33. Nd2 Kh7 34. Rc1 (34. Ra7 $16) 34... b6 35. Bg2 (35. Nc4 Rxd4 36. Qxd4 Nb3 37. Qxb6 Nxc1 $15) 35... Nd3 {[%emt 0:04:54] [#]} 36. Rc4 $1 Nb4 37. Be4 (37. Bxb6 Nd5 38. Bxd5 Rxd5 $11) 37... Nd5 38. Qd3 Bxe4 (38... Qg8 $11) 39. Qxe4+ (39. Nxe4 $16 {Intending Nf6+ and mate.} Kg8 40. Rc6) 39... Kg7 40. Rc6 Bc5 41. Bxc5 bxc5 42. Nb3 Nc3 43. Qc4 Rd1+ 44. Kg2 Nd5 (44... Qb8 $5) 45. Qe2 Rb1 46. Qa2 Re1 $2 {[%emt 0:02:22] [#]} (46... Nc3 $11 {and Black has nothing to worry.} 47. Qc2 Qd8 48. Rxc5 Qa8+ 49. Rc6 (49. f3 $2 Qa3 $17) 49... Nxb5) 47. Nxc5 $2 ({White must play} 47. Qa7 $1 $18) 47... Qb8 $11 (47... Nb4 48. Nxe6+ fxe6 49. Rc7+ Kh8 50. Qxe6 Qa8+ 51. Rc6 Nxc6 52. Qf6+ (52. Qxh6+ Kg8 $11) 52... Kg8 53. Qe6+ Kg7 54. Qf6+ Kg8 55. Qg6+ Kh8 56. Qxh6+ Kg8 57. Qg6+ (57. bxc6 Qd8 $11) (57. Qxg5+ Kh7 $11) 57... Kh8 58. Qh6+ (58. Qxc6 Qxc6+ 59. bxc6 Rxe5 $19) (58. bxc6 Qd8 $11) 58... Kg8 59. Qxg5+ (59. bxc6 Qd8 $11) 59... Kh7 60. Qf5+ (60. bxc6 $2 Qxc6+ 61. f3 Qc2+) 60... Kg8 61. Qg6+ (61. bxc6 Qxc6+ 62. f3 Re2+ 63. Kf1 Rc2 $19) 61... Kf8 62. Qf6+ (62. Qxc6 Qxc6+ 63. bxc6 Rxe5 $19) (62. bxc6 Qe8 $11) 62... Kg8 63. Qe6+ (63. Qxc6 $2 Qxc6+ 64. bxc6 Rxe5 $19) (63. bxc6 Qe8 $11) 63... Kg7 64. bxc6 (64. Qxc6 $2 Qxc6+ 65. bxc6 Rxe5 $19)) 48. b6 Qxe5 (48... Nxb6 $2 {is the wrong capture.} 49. Nxe6+ Kg8 (49... fxe6 $2 {too greedy.} 50. Qxe6 Qxe5 51. Qg6+ Kf8 52. Rf6+ Ke7 53. Qg7+ Kd8 54. Rf8+ $18) 50. Nd4 Qxe5 51. Nf3 $18 (51. Rxb6 Qxd4 52. Rg6+ Kf8 $14) (51. Rg6+ Kh8 $18)) 49. b7 Nb4 50. Nxe6+ fxe6 51. Rxe6 Nxa2 52. Rxe5 Rb1 53. Re7+ Kf6 54. Rc7 Rb5 55. Rc6+ Kg7 56. Rc7+ Kf6 57. Rc6+ Ke5 $2 (57... Kg7 $11) 1/2-1/2

[Event "XII Cracow ICC-A 2024"]
[Site "Krakow"]
[Date "2024.06.28"]
[Round "8.8"]
[White "Bogdanov, Egor"]
[Black "Brzezina, Piotr"]
[Result "1-0"]
[ECO "C24"]
[WhiteElo "2433"]
[BlackElo "2298"]
[Annotator "RC"]
[PlyCount "96"]
[EventDate "2024.06.20"]
[EventType "swiss"]
[EventCountry "POL"]
[SourceTitle "playchess.com"]
[Source "ChessBase"]
[SourceQuality "1"]
[TimeControl "40/5400+30:1800+30"]

1. e4 e5 2. Bc4 Nf6 3. d3 c6 4. Nf3 d5 5. Bb3 a5 6. a4 Bb4+ 7. c3 Bd6 8. O-O O-O 9. Re1 dxe4 10. dxe4 Na6 11. Nbd2 Nc5 12. Bc4 Bc7 13. Qc2 Qe7 14. Nf1 Be6 15. Bxe6 Qxe6 16. Bg5 h6 17. Bxf6 Qxf6 18. Ne3 Rfd8 19. h3 Qe6 20. Nf5 Kh7 21. Qe2 Kg8 22. Nh2 Bb6 23. Red1 Rxd1+ 24. Rxd1 Rd8 25. Rxd8+ Bxd8 26. b4 axb4 27. cxb4 Na6 28. Qg4 Qf6 29. Qd1 h5 30. Qd7 g6 31. Qxb7 gxf5 32. Qxa6 fxe4 33. Nf1 Kf8 34. a5 Qe7 35. Qc8 Qc7 36. Qxc7 Bxc7 37. Ng3 h4 38. Nf5 Ke8 39. Nxh4 Kd7 40. Nf5 Ke6 41. g4 c5 42. a6 Bb6 43. bxc5 Bxc5 44. h4 Ba7 45. Kf1 Bb6 46. Ke2 Bc5 47. Ng3 Bd4 48. Nxe4 Kd5 1-0

[Event "XII Cracow ICC-A 2024"]
[Site "Krakow"]
[Date "2024.06.28"]
[Round "8.9"]
[White "Citak, Selim"]
[Black "Sieciechowicz, Marcin"]
[Result "1/2-1/2"]
[ECO "C07"]
[WhiteElo "2345"]
[BlackElo "2405"]
[Annotator "RC"]
[PlyCount "42"]
[EventDate "2024.06.20"]
[EventType "swiss"]
[EventCountry "POL"]
[SourceTitle "playchess.com"]
[Source "ChessBase"]
[SourceQuality "1"]
[TimeControl "40/5400+30:1800+30"]

1. e4 e6 2. d4 d5 3. Nd2 c5 4. exd5 Qxd5 5. Ngf3 cxd4 6. Bc4 Qd6 7. O-O Nf6 8. Nb3 Nc6 9. Nbxd4 Nxd4 10. Nxd4 Be7 11. c3 O-O 12. Qf3 Qc7 13. Bd3 Bd7 14. Re1 Rfe8 15. h3 Rad8 16. Bf4 Qb6 17. Be5 Bc6 18. Nxc6 bxc6 19. Qe2 Rd7 20. Rad1 Red8 21. Bc2 Kf8 1/2-1/2

[Event "XII Cracow ICC-A 2024"]
[Site "Krakow"]
[Date "2024.06.28"]
[Round "8.10"]
[White "Aarav Dengla"]
[Black "Janeczko, Jakub"]
[Result "1/2-1/2"]
[ECO "B40"]
[WhiteElo "2395"]
[BlackElo "2293"]
[Annotator "RC"]
[PlyCount "29"]
[EventDate "2024.06.20"]
[EventType "swiss"]
[EventCountry "POL"]
[SourceTitle "playchess.com"]
[Source "ChessBase"]
[SourceQuality "1"]
[TimeControl "40/5400+30:1800+30"]

1. e4 c5 2. Nf3 e6 3. b3 d6 4. d4 cxd4 5. Nxd4 Nf6 6. Bb5+ Nbd7 7. Qe2 Be7 8. O-O O-O 9. Bxd7 Bxd7 10. c4 a6 11. Nc3 Qa5 12. Bd2 Qe5 13. Nf3 Qh5 14. e5 Ng4 15. Bf4 1/2-1/2

[Event "XII Cracow ICC-A 2024"]
[Site "Krakow"]
[Date "2024.06.28"]
[Round "8.11"]
[White "Licznerski, Lukasz"]
[Black "Keleberda, Tymur"]
[Result "1-0"]
[ECO "B92"]
[WhiteElo "2434"]
[BlackElo "2223"]
[Annotator "TA"]
[PlyCount "169"]
[EventDate "2024.06.20"]
[EventType "swiss"]
[EventCountry "POL"]
[SourceTitle "playchess.com"]
[Source "ChessBase"]
[SourceQuality "1"]
[TimeControl "40/5400+30:1800+30"]

1. e4 c5 2. Nf3 d6 3. d4 cxd4 4. Nxd4 Nf6 5. Nc3 a6 6. Be2 e5 7. Nf3 Be7 8. Bg5 Be6 9. Bxf6 Bxf6 10. O-O Qc7 (10... Be7 $11) 11. Nd5 $14 Bxd5 12. Qxd5 Nd7 13. Rfd1 Be7 14. Bc4 O-O 15. Qd3 Rac8 16. Bd5 Qxc2 17. Bxb7 Qxd3 18. Rxd3 Rb8 19. Bc6 Nc5 20. Rd2 Rb4 (20... Rfc8 $5 21. Bd5 $8 Nd7 $17) 21. Re1 Rfb8 22. Ree2 Na4 23. b3 Nc3 24. Re3 Nb5 25. Bxb5 R8xb5 26. Rc2 f6 27. Rc7 Kf7 28. Rd3 Rc5 29. Rxc5 dxc5 $11 {[%emt 0:00:05][%mdl 4096] Endgame. KRB-KRN} 30. Nd2 Rd4 31. Rxd4 cxd4 {[%emt 0:00:02] KB-KN} 32. Kf1 Ke6 33. Ke2 h5 34. Nc4 h4 35. h3 g5 36. Kd3 Bd8 (36... Kd7 $11) 37. b4 Be7 38. a3 Bd8 39. Nb2 Kd6 40. Kc4 Kc6 41. Nd3 Be7 $1 42. Ne1 Bd6 43. Nf3 Kd7 ({Black should play} 43... Bc7) 44. Kd5 $1 $16 Bb8 $2 (44... Bc7 $16 45. Ne1 Bb6) 45. Ne1 $18 Bd6 46. Nd3 Be7 (46... Bf8 $142 47. a4 Be7) 47. a4 Bf8 (47... Kc7 $142 48. Ke6 Bd8) 48. b5 axb5 49. axb5 Ba3 $2 (49... Kc7 50. Ke6 Kb6) 50. b6 Be7 51. b7 Kc7 52. Ke6 Bd8 53. Nc5 Kb8 {[%emt 0:00:05] [#]} 54. f3 $2 (54. g4 $1 $18 Kc7 55. f3) 54... Kc7 $11 55. Kf7 Kb8 56. Ke8 (56. Ne6 $2 Bb6 57. Kxf6 d3 (57... Kxb7 $2 58. f4 $19) 58. Nxg5 d2 $19 (58... Kxb7 $2 59. Kg7 $19)) 56... Bb6 57. Nd3 Kxb7 58. Ke7 Kc6 59. Kxf6 Bc7 (59... Kb5 $1 $11) 60. Kxg5 $18 Kb5 61. Kxh4 Kc4 {[%emt 0:00:04] [#]} 62. Nf2 $1 Ba5 {[%emt 0:00:37] Hoping for ...Be1.} 63. Ng4 Bc7 64. Kg3 (64. Nh2 $1 $14 Kd3 (64... Bd8+ 65. Kg3 $16) 65. Kg5) 64... Kc3 $11 65. Nf2 Kd2 $1 66. h4 {[%emt 0:00:02] Black must now prevent h5.} Ke2 67. h5 Ba5 $2 (67... Bd6 $1 $11 68. h6 Bf8) 68. h6 $18 {[%emt 0:01:15] And now h7 would win.} Be1 69. h7 Bxf2+ {[%emt 0:00:08] KB-KP} 70. Kg4 $2 (70. Kh3 $18) 70... d3 $11 71. h8=Q d2 72. Qxe5 {[%emt 0:00:17] Strongly threatening Qb2.} d1=Q 73. Qb5+ Ke3 74. Qc5+ Ke2 75. Qc4+ Ke3 76. Qc5+ Ke2 77. Qb5+ Ke3 78. e5 Qh1 79. Qc5+ Ke2 80. Qc2+ Ke3 {[%emt 0:00:53] ( -> ...Qh4+)} 81. Qe4+ Kd2 82. g3 {[%emt 0:00:05] e6 would now be deadly.} Qh8 83. Qf5 Be3 84. f4 {[%emt 0:00:31] Threatens to win with e6.} Ke1 $2 (84... Qg8+ $11 {and Black has nothing to worry.} 85. Kh5 Qh8+ (85... Qxg3 86. e6 $11) 86. Kg4 Qg8+ 87. Kh5 Qe8+ (87... Qxg3 88. e6 $11) 88. Kg5 Qd8+ 89. Qf6 Qg8+ 90. Qg6 Qd8+ 91. Kg4 Qa8) 85. e6 {[%emt 0:00:49] Weighted Error Value: White=0.13 (very precise) /Black=0.24 (precise) .  Loses game:     	---       	Black=3      Mistake:       	White=1     	Black=7      Inaccurate:     	White=2     	Black=1      OK:         	White=31    	Black=18     Best:        	White=11    	Black=12     Strong:       	White=2     	Black=2} 1-0